Map: Frostline LE

Players

llllllllllll - Winner!

  • Race: Terran Terran
  • League: Diamond
  • Spawn Location: 1:00

james

  • Race: Protoss Protoss
  • League: Diamond
  • Spawn Location: 7:00

VOD

Have the link to the VOD?

Description

Time

  • Played on: April 25, 2025, 8:42 a.m.
  • Length: 3:09
Show
View Real Time Build Order
Export as new Build Order

llllllllllll Terran - Winner!

Build Orders:  

Get SALT Encoding   

  12  0:00  SCV  
  13  0:13  SCV  
  14  0:18  Supply Depot  
  14  0:25  SCV  
  15  0:31  Refinery  
  15  0:40  SCV  
  16  0:48  Barracks  
  16  1:03  Barracks  
  16  1:18  Barracks  
  16  1:35  Reaper  
  16  1:38  Refinery  
  17  1:50  Reaper  
  17  1:53  Orbital Command  
  18  2:05  Reaper  
  20  2:08  Reaper  
  20  2:22  Reaper  
  20  2:26  SCV  
Show
View Real Time Build Order
Export as new Build Order

james Protoss 

Build Orders: Cannon Rush 

Get SALT Encoding   

  12  0:00  Probe  
  13  0:14  Probe  
  13  0:20  Pylon  
  14  0:26  Probe  
  15  0:41  Pylon  
  16  0:46  Forge  
  15  0:54  Probe  
  16  1:06  Probe  
  17  1:17  Gateway  
  17  1:18  Probe  
  18  1:22  Photon Cannon  
  18  1:30  Pylon  
  18  1:50  Photon Cannon  
  18  1:51  Photon Cannon  
  18  2:09  Pylon  
  18  2:11  Zealot  
  17  2:18  Probe  
  19  2:28  Cybernetics Core  
  18  2:50  Probe  
Tags
 
Add a new tag
Caveats
  • Supply blocks, unpowered buildings, or Contaminate may cause inaccurate times.
  • Supply counts are checked every 10 seconds.